 Dungeon Crawl Stone Soup version 0.26-a0-720-g2a1d101370 (webtiles) character file.

Game seed: 18323213910426120225

129481 lunkers the Phalangite (level 17, -1/144 HPs)
             Began as a Merfolk Gladiator on Nov 3, 2020.
             Was the Champion of the Shining One.
             Slain by a merfolk javelineer
             ... wielding a +0 spear of venom
              (13 damage)
             ... on level 2 of the Shoals on Nov 5, 2020.
             The game lasted 00:56:56 (26688 turns).

lunkers the Phalangite (Merfolk Gladiator)         Turns: 26688, Time: 00:56:57

Health: -1/144     AC: 23    Str: 14    XL:     17   Next: 5%
Magic:  26/26      EV: 26    Int:  9    God:    the Shining One [******]
Gold:   3467       SH: 11    Dex: 21    Spells: 16/16 levels left

rFire    . . .     SeeInvis .   b - +9 bardiche (holy)
rCold    + . .     Faith    .   (shield currently unavailable)
rNeg     + + +     Spirit   .   n - +3 ring mail {rC+}
rPois    .         Reflect  .   W - +2 helmet
rElec    .         Harm     .   x - scarf {shadows}
rCorr    .         Rampage  .   (no gloves)
MR       +....                  p - +1 pair of boots
Stlth    +.........             y - amulet of regeneration
HPRegen  0.74/turn              B - +4 ring of protection
MPRegen  0.20/turn              Q - +4 ring of protection

@: lethally poisoned (-1 -> -23), divine shield, glowing
A: change form in water, swift swim, stealthy swim
a: Divine Shield, Cleansing Flame, Summon Divine Warrior, Renounce Religion


You were on level 2 of the Shoals.
You worshipped the Shining One.
The Shining One was exalted by your worship.
You visited 5 branches of the dungeon, and saw 25 of its levels.
You also visited: Ice Cave.

You collected 3927 gold pieces.
You spent 460 gold pieces at shops.

Inventory:

Hand Weapons
 a - a +0 glaive of venom
 b - a +9 bardiche of holy wrath (weapon)
 R - a +4 glaive
Missiles
 d - 3 throwing nets {=f}
Armour
 n - a +3 ring mail of cold resistance (worn)
 p - a +1 pair of boots (worn)
 u - +0 fire dragon scales
 x - a scarf of shadows (worn)
 P - a +3 troll leather armour {Snorg}
 W - a +2 helmet (worn)
Jewellery
 o - the ring of Edebonn {Wiz rF+ Str+4 SInv}
   (You took it off an efreet on level 13 of the Dungeon)

   [ring of wizardry]

   It improves your spell success rate.
   It affects your strength (+4).
   It protects you from fire.
   It lets you see invisible.
 w - the ring "Futt" {rF+ Str+6 Dex+2}
   (You took it off an orc knight on level 13 of the Dungeon)

   [ring of strength]

   It affects your strength (+6).
   It affects your dexterity (+2).
   It protects you from fire.
 y - an amulet of regeneration (around neck)
 B - a +4 ring of protection (left hand)
 L - an uncursed ring of poison resistance
 Q - a +4 ring of protection (right hand)
Wands
 s - a wand of enslavement (14)
 v - a wand of digging (7)
 A - a wand of flame (13)
 I - a wand of acid (6)
 J - a wand of iceblast (3)
 N - a wand of disintegration (13)
 S - a wand of polymorph (11)
Scrolls
 e - a scroll of summoning
 f - 5 scrolls of blinking
 h - 4 scrolls of amnesia
 i - 6 scrolls of teleportation
 j - 11 scrolls of remove curse
 l - 5 scrolls of fear
 z - a scroll of enchant weapon
 D - 5 scrolls of identify
 F - a scroll of holy word
 O - 3 scrolls of magic mapping
 U - 2 scrolls of brand weapon
Potions
 g - 6 potions of might
 k - 4 potions of curing
 m - 3 potions of cancellation
 q - 4 potions of stabbing
 r - 3 potions of mutation
 t - a potion of brilliance
 C - 4 potions of lignification
 E - 7 potions of heal wounds
 H - 5 potions of haste
 K - a potion of invisibility
 M - 3 potions of flight
 T - a potion of berserk rage
Miscellaneous
 V - a box of beasts (3/3)


   Skills:
 + Level 15.8 Fighting
 * Level 21.6 Polearms
 - Level 2.0 Throwing
 - Level 7.0 Armour
 + Level 18.4 Dodging
 - Level 13.0 Invocations
 - Level 9.0 Evocations


You had 16 spell levels left.
You didn't know any spells.
Your spell library contained the following spells:

 Spells                   Type           Power        Failure   Level
 Animate Skeleton         Necr           #.....       58%         1
 Apportation              Tloc           #.....       58%         1
 Beastly Appendage        Tmut           #.....       58%         1
 Corona                   Hex            #......      58%         1
 Freeze                   Ice            #...         58%         1
 Magic Dart               Conj           #...         58%         1
 Sandblast                Erth           #.....       58%         1
 Shock                    Conj/Air       #...         58%         1
 Summon Small Mammal      Summ           #...         58%         1
 Call Imp                 Summ           #.......     75%         2
 Passwall                 Tmut/Erth      #.......     75%         2
 Poisonous Vapours        Pois/Air       #.....       75%         2
 Searing Ray              Conj           #.....       75%         2
 Swiftness                Air            #.......     75%         2
 Wereblood                Tmut           #.......     75%         2
 Call Canine Familiar     Summ           #.......     92%         3
 Conjure Flame            Conj/Fire      #.......     92%         3
 Dazzling Flash           Conj/Hex       #.....       92%         3
 Frozen Ramparts          Ice            #.....       92%         3
 Mephitic Cloud           Conj/Pois/Air  #.......     92%         3
 Ozocubu's Armour         Ice            #.......     92%         3
 Spider Form              Tmut/Pois      #.........   92%         3
 Static Discharge         Conj/Air       #.......     92%         3
 Stone Arrow              Conj/Erth      #.....       92%         3
 Summon Guardian Golem    Hex/Summ       #.......     92%         3
 Airstrike                Air            #.........   100%        4
 Fulminant Prism          Conj/Hex       #.........   100%        4
 Hailstorm                Conj/Ice       #.......     100%        4
 Ice Form                 Ice/Tmut       #.......     100%        4
 Iskenderun's Mystic Bla  Conj/Tloc      #.......     100%        4
 Petrify                  Tmut/Erth      #.......     100%        4
 Summon Ice Beast         Ice/Summ       #.......     100%        4
 Summon Lightning Spire   Summ/Air       #.......     100%        4
 Blade Hands              Tmut           #.........   100%        5
 Bolt of Magma            Conj/Fire/Erth #.........   100%        5
 Irradiate                Conj/Tmut      #.........   100%        5
 Iskenderun's Battlesphe  Conj           #.......     100%        5
 Lee's Rapid Deconstruct  Erth           #.........   100%        5
 Lightning Bolt           Conj/Air       #.........   100%        5
 Freezing Cloud           Conj/Ice/Air   #.........   100%        6
 Hydra Form               Tmut           #.........   100%        6
 Iron Shot                Conj/Erth      #.........   100%        6
 Statue Form              Tmut/Erth      #........    100%        6
 Dragon Form              Tmut           #.........   100%        7
 Orb of Destruction       Conj           #.........   100%        7
 Spellforged Servitor     Conj/Summ      #.........   100%        7


Dungeon Overview and Level Annotations

Branches:
Dungeon (14/15)            Temple (1/1) D:6            Lair (6/6) D:8
 Shoals (2/4) Lair:3        Snake (0/4) Lair:2        Slime (0/5) Lair:5
    Orc (2/2) D:10            Elf (0/3) Orc:2        Vaults (0/5) D:14
  IceCv (visited)

Altars:
Ashenzari
Cheibriados
Dithmenos
Elyvilon
Fedhas
Gozag
Hepliaklqana
Kikubaaqudgha
Makhleb
Nemelex Xobeh
Okawaru
Qazlal
Ru
Sif Muna
Trog
Uskayaw
Vehumet
Wu Jian
Xom
Yredelemnul
Zin
The Shining One

Shops:
D:5 ?   D:8 [   D:9 ?   Orc:1 =   Orc:2 :*[(   Shoals:1 *}

Annotations:
D:6 2 transporters, Eryximachus's ghost, novice OpTm
D:8 2 transporters
D:13 3 runed translucent doors
Lair:4 2 runed translucent doors, Nyzic's ghost, journeyman TrMo
Lair:6 exclusion: 2 oklob plants
Shoals:2 Ilsuiw
Orc:1 2 runed translucent doors, sesu's ghost, journeyman MiBe


Message History

You kill the merfolk siren!
You feel sick.
The merfolk javelineer hits you but does no damage.
You are more poisoned.
Unknown command.
* * * LOW HITPOINT WARNING * * *
You feel very sick.
The merfolk javelineer hits you with a +0 spear of venom.
* * * LOW HITPOINT WARNING * * *
You are more poisoned.
Unknown command.
Attack whom?
Press: ? - help, Dir - move target cursor, f - merfolk javelineer
Aim: a merfolk javelineer, wielding a +0 spear of venom and wearing a +0 leather armour (haloed)
You slash the merfolk javelineer!
The merfolk javelineer is lightly wounded.
* * * LOW HITPOINT WARNING * * *
You feel very sick.
The merfolk javelineer hits you with a +0 spear of venom!
You die...

≈≈≈≈≈≈≈≈≈≈≈≈≈≈≈≈
≈≈≈≈≈≈≈≈≈≈≈≈≈≈≈≈
≈≈≈≈≈≈≈≈≈≈≈≈≈≈≈≈
≈≈≈≈≈≈(≈((≈≈≈≈≈≈
.......≈≈≈≈≈≈≈≈≈
.........≈(≈≈≈≈≈
..≈.......≈≈≈≈≈≈
.≈..†..≈..≈≈≈≈≈≈
.≈..).@≈).≈≈≈≈≈≈
.≈...m.)..≈≈≈≈≈≈
.≈..†.....≈≈≈≈≈
..≈...≈.≈≈≈≈≈≈
.≈≈.≈≈≈≈≈≈≈≈≈
≈...≈≈≈≈≈≈≈≈≈
≈≈≈≈≈≈≈≈≈≈≈≈≈


You could see a merfolk javelineer.

Vanquished Creatures
  Jorgrun (D:13)
  A frost giant (IceCv)
  An orc warlord (Orc:2)
  3 entropy weavers (Lair:3)
  Nessos (D:13)
  2 merfolk javelineers
  3 merfolk impalers (Shoals:1)
  Snorg (D:10)
  A fire dragon (D:14)
  A great orb of eyes (D:13)
  Erolcha (D:12)
  Fannar (Lair:2)
  8 hydras
  A rakshasa (D:13)
  A merfolk avatar (Shoals:1)
  A merfolk aquamancer (Shoals:1)
  4 centaur warriors (D:13)
  2 catoblepae
  2 ghost crabs (Lair:3)
  2 two-headed ogres (D:14)
  Erica (D:9)
  10 death yaks
  An ogre mage (D:14)
  4 orc high priests (Orc:2)
  Urug (Lair:2)
  A deep elf knight (D:14)
  6 fire crabs (Lair:3)
  4 unseen horrors
  4 sea snakes (Shoals:1)
  5 harpies (Shoals:1)
  6 orc knights
  4 cyclopes
  2 manticores
  3 orc sorcerers (Orc:2)
  8 ugly things
  A wolf spider zombie (D:12)
  5 deep elf magi
  2 merfolk sirens
  A water nymph (Shoals:1)
  Maurice (D:13)
  11 elephants
  An apocalypse crab (Lair:3)
  A torpor snail (Lair:2)
  5 black mambas
  Maggie (D:6)
  13 cane toads
  3 gargoyles
  5 yaktaurs (D:14)
  2 kobold demonologists (D:12)
  A rime drake (Lair:5)
  A komodo dragon (shapeshifter) (D:14)
  2 efreet
  10 komodo dragons
  6 trolls
  4 merfolk
  23 polar bears
  16 blink frogs
  7 hornets (Lair:6)
  Grinder (D:6)
  A dream sheep (Lair:6)
  3 snapping turtles
  A centaur simulacrum (D:14)
  Sigmund (D:4)
  3 wraiths
  6 wyverns
  A shadow (D:14)
  15 spriggans (Lair:6)
  5 water elementals
  61 yaks
  Eustachio (D:4)
  A basilisk (Lair:1)
  A vampire mosquito (D:13)
  Menkaure (D:4)
  4 nagas (Lair:2)
  2 acid dragons
  3 wargs
  13 water moccasins
  A meliai simulacrum (D:14)
  6 sky beasts
  6 ice beasts
  22 orc warriors
  7 black bears
  3 phantoms
  14 ogres
  2 necrophages
  3 boggarts
  71 wolves
  19 centaurs
  3 eyes of draining
  5 big kobolds
  17 bullfrogs
  2 wyvern skeletons
  A water moccasin skeleton (D:8)
  4 scorpions
  14 killer bees
  13 wights
  4 howler monkeys
  2 quasits
  6 hounds
  6 centaur zombies
  3 bullfrog zombies
  9 jellies
  3 centaur skeletons
  24 orc priests
  2 bullfrog skeletons
  3 iguanas
  29 orc wizards
  5 hell rats (Lair:4)
  18 worker ants
  A killer bee zombie (D:9)
  2 hound skeletons (D:4)
  A howler monkey skeleton (D:8)
  A worker ant zombie (D:6)
  3 gnolls (D:8)
  12 adders
  A shadow imp (D:8)
  15 white imps
  2 ufetubi (D:6)
  3 oozes
  4 adder skeletons
  A worm (D:3)
  2 dart slugs (D:2)
  5 leopard geckos
  77 orcs
  8 bats
  2 giant cockroaches (D:1)
  7 goblins
  4 hobgoblins
  8 jackals
  6 quokkas
  10 frilled lizards
  19 kobolds
  A leopard gecko skeleton (D:4)
  A quokka zombie (D:7)
  7 rats
874 creatures vanquished.

Vanquished Creatures (collateral kills)
  2 blink frogs (Lair:4)
2 creatures vanquished.

Vanquished Creatures (others)
  2 blink frogs (Lair:4)
  A black mamba (Lair:5)
  A centaur skeleton (D:14)
  2 wolves (Lair:5)
  An adder (D:7)
  2 orcs (D:14)
  34 fungi
  44 plants
87 creatures vanquished.

Grand Total: 963 creatures vanquished

Notes
Turn   | Place    | Note
-------+----------+-------------------------------------------
     0 | D:1      | lunkers the Merfolk Gladiator began the quest for the Orb.
     0 | D:1      | Reached XP level 1. HP: 16/16 MP: 1/1
   169 | D:1      | Reached XP level 2. HP: 23/23 MP: 2/2
   514 | D:1      | Reached skill level 5 in Polearms
  1032 | D:2      | Found a faded altar of an unknown god.
  1077 | D:2      | Reached XP level 3. HP: 26/28 MP: 3/3
  2448 | D:3      | Reached XP level 4. HP: 34/34 MP: 4/4
  2811 | D:3      | Reached skill level 6 in Polearms
  3225 | D:4      | Reached skill level 5 in Dodging
  3251 | D:4      | Reached XP level 5. HP: 39/41 MP: 5/5
  3328 | D:4      | Noticed Sigmund
  3373 | D:3      | Reached skill level 7 in Polearms
  3673 | D:4      | Killed Sigmund
  3673 | D:4      | Reached skill level 8 in Polearms
  3673 | D:4      | Reached XP level 6. HP: 48/48 MP: 6/6
  3702 | D:4      | Reached skill level 9 in Polearms
  3985 | D:4      | Reached XP level 7. HP: 55/55 MP: 7/7
  4043 | D:4      | Reached skill level 10 in Polearms
  4052 | D:4      | Noticed Eustachio
  4076 | D:4      | Killed Eustachio
  4146 | D:4      | Noticed Menkaure
  4152 | D:4      | Killed Menkaure
  4152 | D:4      | Reached skill level 11 in Polearms
  4320 | D:5      | Entered Level 5 of the Dungeon
  4411 | D:5      | You fall into a shaft and drop 2 floors!
  4418 | D:7      | Reached skill level 5 in Fighting
  4421 | D:7      | Reached skill level 12 in Polearms
  4421 | D:7      | Reached XP level 8. HP: 52/62 MP: 8/8
  4603 | D:7      | Reached skill level 13 in Polearms
  4784 | D:6      | Found a staircase to the Ecumenical Temple.
  4800 | D:6      | Noticed Grinder
  4808 | D:6      | Killed Grinder
  4808 | D:6      | Reached skill level 14 in Polearms
  4883 | D:6      | Found a transporter.
  4897 | D:6      | Found a transporter.
  4899 | D:6      | Noticed Eryximachus's ghost (novice OpTm)
  5020 | D:6      | Found a shadowy altar of Dithmenos.
  5097 | Temple   | Entered the Ecumenical Temple
  5785 | Temple   | Became a worshipper of the Shining One
  5806 | D:6      | You fall into a shaft and drop 2 floors!
  5807 | D:8      | Noticed a yak
  5808 | D:8      | Noticed a wyvern
  5814 | D:8      | Noticed a wyvern
  5821 | D:8      | Killed a wyvern
  5821 | D:8      | Reached skill level 15 in Polearms
  5821 | D:8      | Reached XP level 9. HP: 56/71 MP: 9/9
  5842 | D:8      | Reached skill level 16 in Polearms
  5918 | D:8      | Found a staircase to the Lair.
  5929 | D:8      | Found a transporter.
  5977 | D:8      | Found a transporter.
  6226 | D:5      | Found Ulolie Jaigo's Magic Scroll Emporium.
  6347 | D:5      | Reached * piety under the Shining One
  6347 | D:5      | Reached skill level 17 in Polearms
  6504 | D:5      | Found a stormy altar of Qazlal.
  6796 | D:6      | Noticed Maggie
  6805 | D:6      | Killed Maggie
  6805 | D:6      | Reached skill level 1 in Invocations
  6805 | D:6      | Reached XP level 10. HP: 61/80 MP: 9/11
  6899 | D:6      | Reached skill level 10 in Dodging
  7325 | D:7      | Reached skill level 18 in Polearms
  7342 | D:7      | Found a shimmering altar of Xom.
  7431 | D:7      | Reached ** piety under the Shining One
  7643 | D:8      | Found an opulent altar of Gozag.
  7700 | D:8      | Found Qeimeiwn's Antique Armour Emporium.
  8285 | D:9      | Noticed an unseen horror
  8289 | D:9      | Killed an unseen horror
  8358 | D:9      | Noticed Erica
  8416 | D:9      | Identified the +10 rapier "Ulihokin" {vorpal, Str+4}
  8432 | D:9      | Killed Erica
  8432 | D:9      | Reached skill level 19 in Polearms
  8432 | D:9      | Reached skill level 5 in Invocations
  8432 | D:9      | Reached XP level 11. HP: 63/89 MP: 10/14
  8577 | D:9      | Found Zinaigon's Magic Scroll Shoppe.
  8907 | Lair:1   | Entered Level 1 of the Lair of Beasts
  9013 | D:8      | Reached skill level 1 in Evocations
  9170 | Lair:1   | Reached skill level 1 in Armour
  9800 | Lair:2   | Reached skill level 10 in Fighting
  9940 | Lair:2   | Found a staircase to the Snake Pit.
 10048 | Lair:2   | Reached *** piety under the Shining One
 10073 | Lair:2   | Noticed Fannar
 10083 | Lair:2   | Killed Fannar
 10083 | Lair:2   | Reached XP level 12. HP: 86/97 MP: 15/17
 10205 | Lair:2   | Noticed Urug
 10221 | Lair:2   | Killed Urug
 10230 | Lair:2   | Identified a scroll of acquirement
 10230 | Lair:2   | Acquired 1066 gold pieces
 10239 | Lair:2   | Noticed a death yak
 10258 | Lair:2   | Killed a death yak
 10856 | Lair:3   | Noticed a five-headed hydra
 10864 | Lair:3   | Killed a seven-headed hydra
 10864 | Lair:3   | Reached skill level 20 in Polearms
 11065 | Lair:3   | Noticed a seven-headed hydra
 11070 | Lair:3   | Killed a nine-headed hydra
 11216 | Lair:3   | Found a runed translucent door.
 11251 | Lair:3   | Found a staircase to the Shoals.
 11550 | Lair:3   | Noticed a six-headed hydra
 11556 | Lair:3   | Killed a seven-headed hydra
 11864 | Lair:3   | Noticed an entropy weaver
 11871 | Lair:3   | Reached XP level 13. HP: 106/106 MP: 15/19
 11874 | Lair:3   | Killed an entropy weaver
 11933 | Lair:3   | Noticed an entropy weaver
 12111 | Lair:3   | Killed an entropy weaver
 12249 | Lair:3   | Reached skill level 5 in Armour
 12439 | Lair:3   | Noticed an entropy weaver
 12478 | Lair:3   | Killed an entropy weaver
 13270 | Lair:4   | Found a large runed translucent door.
 13270 | Lair:4   | Found a large runed translucent door.
 13271 | Lair:4   | Noticed Nyzic's ghost (journeyman TrMo)
 13272 | Lair:4   | Found the +8 frozen axe "Frostbite" {freezing cloud, *Noise
                  | +Fly rC+}
 13533 | Lair:4   | Reached skill level 10 in Invocations
 13982 | Lair:5   | Reached skill level 15 in Dodging
 14293 | Lair:5   | Found a staircase to the Slime Pits.
 14355 | Lair:5   | Reached XP level 14. HP: 116/116 MP: 22/22
 14968 | Lair:6   | Entered Level 6 of the Lair of Beasts
 15486 | Lair:6   | Reached skill level 5 in Evocations
 15508 | Lair:6   | Reached **** piety under the Shining One
 16926 | Lair:6   | Reached XP level 15. HP: 125/125 MP: 23/23
 17242 | D:10     | Entered Level 10 of the Dungeon
 17420 | D:10     | Found a staircase to the Orcish Mines.
 17911 | Orc:1    | Entered Level 1 of the Orcish Mines
 17911 | Orc:1    | Found Mupa Kuz's Jewellery Boutique.
 17911 | Orc:1    | Noticed Snorg
 17933 | Orc:1    | Reached ***** piety under the Shining One
 18014 | D:10     | Killed Snorg
 18395 | Orc:2    | Entered Level 2 of the Orcish Mines
 18522 | Orc:2    | Found a staircase to the Elven Halls.
 18845 | Orc:2    | Paralysed by an orc sorcerer for 5 turns
 19029 | Orc:2    | Noticed an orc warlord
 19044 | Orc:2    | Killed an orc warlord
 19126 | Orc:2    | Found Aropn's General Store.
 19132 | Orc:2    | Found Ufasot's Antique Armour Emporium.
 19132 | Orc:2    | Found Suumoa's Antique Weapon Emporium.
 19134 | Orc:2    | Found Qeidocott's Book Shoppe.
 19176 | Orc:2    | Bought a crude troll leather armour for 460 gold pieces
 19186 | Orc:2    | Identified the +1 troll leather armour "Pawnej" {Harm
                  | Regen+ Str-5 Dex+2 SInv} (You bought it in a shop on level
                  | 2 of the Orcish Mines)
 19605 | Orc:1    | Found a large runed translucent door.
 19606 | Orc:1    | Found a large runed translucent door.
 19611 | Orc:1    | Noticed sesu's ghost (journeyman MiBe)
 20555 | D:12     | Reached ****** piety under the Shining One
 20587 | D:12     | Found a bloodstained altar of Trog.
 20621 | D:12     | Noticed Erolcha
 20638 | D:12     | Killed Erolcha
 21386 | D:13     | Found a runed translucent door.
 21406 | D:13     | Identified the ring of Edebonn {Wiz rF+ Str+4 SInv}
 21672 | D:13     | Reached XP level 16. HP: 134/134 MP: 25/25
 21743 | D:13     | Noticed Jorgrun
 21762 | D:13     | Killed Jorgrun
 21805 | D:13     | Identified the ring of Cagoos {rN+ Stlth+}
 21864 | D:13     | Noticed Maurice
 21888 | D:13     | Killed Maurice
 21930 | D:13     | Found a runed translucent door.
 21938 | D:13     | Found a runed translucent door.
 21941 | D:13     | Noticed Nessos
 21957 | D:13     | Killed Nessos
 21957 | D:13     | Reached skill level 15 in Fighting
 22033 | D:13     | Got a faintly glowing ruby amulet
 22040 | D:13     | Identified the ring "Futt" {rF+ Str+6 Dex+2}
 23079 | D:14     | Found a frozen archway.
 23139 | IceCv    | Entered an ice cave
 23152 | IceCv    | Identified the amulet of Oripeun {Inacc SInv} (You found it
                  | on level 13 of the Dungeon)
 24191 | D:14     | Found a gate to the Vaults.
 24405 | D:14     | Reached skill level 21 in Polearms
 24892 | Shoals:1 | Entered Level 1 of the Shoals
 25411 | Shoals:1 | Identified a +6 bardiche of holy wrath (a +4 bardiche
                  | blessed by the Shining One)
 25411 | Shoals:1 | Received a gift from the Shining One
 25564 | Shoals:1 | Found Sucuoha's Gadget Boutique.
 25763 | Shoals:1 | Found Seobb's General Store.
 26064 | Shoals:1 | Reached XP level 17. HP: 93/143 MP: 26/26
 26390 | Shoals:2 | Noticed Ilsuiw
 26688 | Shoals:2 | Slain by a merfolk javelineer

Illustrated notes

Levels and vault maps discovered:
D:1:      lemuel_arrival_muddy, layout_basic
D:2:      layout_loops_corners, chequers_ecumenical_altar_island,
          wander_ebering_terrifying_dragon_lair
D:3:      layout_basic, cheibrodos_sewer_entry_sluice
D:4:      layout_gridville, minmay_manual_mail, uniq_menkaure, uniq_sigmund,
          uniq_eustachio
D:5:      layout_basic, basic_altar, serial_shops, shop, grunt_ministairs_15
D:6:      layout_basic, minmay_temple_entry_gardened_gates, basic_altar,
          gammafunk_ghost_gnarly_gnolls, serial_rivers,
          chequers_serial_rivers_micro_a, chequers_serial_rivers_marsh,
          chequers_serial_rivers_small_a, chequers_serial_rivers_micro_d,
          uniq_grinder, uniq_maggie
D:7:      layout_cave_pools, xom_confusion_cloud, lemuel_old_faithful
D:8:      gammafunk_cloud_chamber, layout_basic, david_lair_generic,
          basic_altar, serial_shops, nicolae_shop_waterfront
D:9:      layout_basic, serial_shops, nicolae_shop_stone, uniq_erica
D:10:     layout_basic, erik_orc_4
D:11:     layout_loops_cross
D:12:     layout_long_grid, bloody_trog, uniq_erolcha
D:13:     minmay_the_grid_triangle_9x9_rhombus_thin_mashed
          [minmay_the_grid_triangle_9x9_warning,
          minmay_the_grid_triangle_9x9_prize_special,
          minmay_the_grid_triangle_9x9_fully_insulated_deathbox,
          minmay_the_grid_triangle_9x9_dagger], layout_cave_pods,
          grunt_ministairs_14, serial_bayou_crossing, uniq_jorgrun, uniq_nessos,
          uniq_maurice
D:14:     layout_loops_cross, hangedman_vaults_entry_quadrant_bands,
          portal_ice_cave_entry_imps
Temple:   nicolae_temple_the_god_donut
Lair:1:   layout_hall_layers, grunt_megastairs_2
Lair:2:   layout_gridlike, minmay_snake_entry_guardpost_small, uniq_urug,
          uniq_fannar
Lair:3:   gammafunk_mikee_crab_dinner, layout_long_grid,
          minmay_shoals_entry_hut, nicolae_quartered_pool_little
Lair:4:   layout_long_grid, ebering_ghost_disaster_area, grunt_megastairs_3
Lair:5:   layout_cave_pods, nicolae_slime_entry_slimehenge
Lair:6:   minmay_lair_end_enchanted_forest, layout_regular_city,
          grunt_forest_large_clearings, minmay_lair_oklob_chamber
Shoals:1: layout_shoals, serial_shops, shop, nicolae_shoals_c_island
Shoals:2: layout_shoals, nicolae_shoals_hunting_party, uniq_ilsuiw
Orc:1:    layout_caves, ebering_ghost_disaster_area,
          minmay_shop_enchanted_jewellery, uniq_snorg
Orc:2:    st_orc_congregation, layout_caves

Skill      XL: |  1  2  3  4  5  6  7  8  9 10 11 12 13 14 15 16 |
---------------+-------------------------------------------------+-----
Polearms       | 5 6 8 9 12 15 17 19 20 21 | 21.6
Fighting       | 3 4 5 6 7 9 10 11 12 13 14 15 | 15.8
Dodging        | 5 6 7 8 9 11 12 13 15 16 17 18 | 18.4
Invocations    | 1 5 6 8 10 11 12 13 | 13.0
Evocations     | 3 4 6 8 9 |  9.0
Armour         | 2 4 5 6 7 |  7.0
Throwing       | |  2.0

Action                   |  1- 3 |  4- 6 |  7- 9 | 10-12 | 13-15 | 16-18 || total
-------------------------+-------+-------+-------+-------+-------+-------++-------
Melee: Trident           |   131 |   105 |       |       |       |       ||   236
       Glaive            |       |    30 |   260 |   492 |  1627 |    71 ||  2480
       Tailslap          |       |       |       |     1 |       |    16 ||    17
       Bardiche          |       |       |       |       |       |   619 ||   619
Invok: Divine Shield     |       |       |       |     7 |     9 |     4 ||    20
       Brand Weapon With |       |       |       |       |       |     1 ||     1
Evoke: Wand              |       |     2 |     6 |     9 |    49 |       ||    66
  Use: Scroll            |       |    12 |       |     9 |    14 |    10 ||    45
       Potion            |       |       |     2 |     1 |       |       ||     3
 Stab: Sleeping          |     3 |       |       |       |       |       ||     3
       Paralysed         |       |     7 |     6 |       |       |       ||    13
Armor: Leather armour    |    10 |       |       |       |       |       ||    10
       Ring mail         |     5 |    37 |   102 |    98 |   239 |   152 ||   633
       Troll leather arm |       |       |       |       |   115 |    62 ||   177
Dodge: Dodged            |    57 |    78 |   235 |   372 |  1809 |   926 ||  3477
Block: Other             |       |       |       |    35 |    90 |    59 ||   184

Table legend: (Time is in decaauts)
 A = Elapsed time spent in this place.
 B = Non-inter-level travel time spent in this place.
 C = Inter-level travel time spent in this place.
 D = Time resting spent in this place.
 E = Time spent auto-exploring this place.
 F = Levels seen in this place.
 G = Mean time per level.
                   A        B        C        D        E       F      G
               +--------+--------+--------+--------+--------+-----+--------+
         Total |  25542 |  24190 |   1352 |   1889 |  17126 |  26 |  982.4 |
       Dungeon |  13277 |  12381 |    896 |    862 |   8832 |  14 |  948.4 |
        Temple |    462 |    453 |      9 |      0 |    421 |   1 |  462.0 |
          Lair |   7897 |   7514 |    383 |    830 |   5159 |   6 | 1316.2 |
        Shoals |   1553 |   1553 |      0 |    197 |   1060 |   2 |  776.5 |
  Orcish Mines |   1502 |   1440 |     62 |      0 |   1064 |   2 |  751.0 |
      Ice Cave |    849 |    849 |      0 |      0 |    588 |   1 |  849.0 |
               +--------+--------+--------+--------+--------+-----+--------+

Top non-repeatable levels by time:
  Lair:3: 2035 daAuts
  Lair:5: 1585 daAuts
  Lair:6: 1573 daAuts
    D:13: 1395 daAuts
Shoals:1: 1306 daAuts
     D:2: 1298 daAuts
     D:3: 1261 daAuts
     D:8: 1140 daAuts
    D:14: 1104 daAuts
  Lair:2: 1032 daAuts
   Orc:2: 1011 daAuts
  Lair:4: 951 daAuts
    D:10: 924 daAuts
     D:1: 922 daAuts
     D:6: 872 daAuts
